[ AOE2 MATCH · #483283789 ]
Team RMBurgundians vs Burgundians
[ REPLAY ANALYSIS · EXTRACTED FROM THE RECORDED GAME ]
Feudal
12:02
Castle
16:25
Imperial
—
| APM avg | 20.6 |
| APM peak | 46 |
| eAPM avg | 10.6 |
| Villagers / military | 64 / 7 |
Focus
⚔️ 13.8% · 🌾 86.2%
Spearman ×7
Feudal
10:21
Castle
15:50
Imperial
—
| APM avg | 22.1 |
| APM peak | 50 |
| eAPM avg | 9.5 |
| Villagers / military | 44 / 5 |
Focus
⚔️ 10.2% · 🌾 89.8%
Knight ×5
Feudal
13:15
Castle
19:39
Imperial
—
| APM avg | 2.2 |
| APM peak | 18 |
| eAPM avg | 1.9 |
| Villagers / military | 12 / 0 |
Focus
⚔️ 0.0% · 🌾 100.0%
Feudal
11:27
Castle
15:43
Imperial
—
| APM avg | 31.5 |
| APM peak | 65 |
| eAPM avg | 15.3 |
| Villagers / military | 65 / 6 |
Focus
⚔️ 9.8% · 🌾 90.2%
Knight ×6
Match map
Initial resources + every placement click. Lines = walls · curves = elevation contours. ◆ gold · ⬟ stone · ● berries · ✦ relic · ◌ wall gap
Your base· Open — unwalled flank
二手煙's base· Open — unwalled flank
--醬板鴨--'s base· Open — unwalled flank
Black_Bird's base· Open — unwalled flank
Smoothed initial terrain · ◌ = detected wall gap · hover for details
Inputs per minute
— CryAndDie - - 二手煙
Build order — CryAndDie
122 actions detected in the replay
| 0:01 | Create | Villager (Male) |
| 0:01 | Create | Villager (Male) |
| 0:02 | Create | Villager (Male) |
| 0:03 | Build | House |
| 0:05 | Build | House |
| 0:15 | Create | Villager (Male) |
| 1:30 | Create | Villager (Male) |
| 1:57 | Build | Lumber Camp |
| 2:10 | Create | Villager (Male) |
| 2:28 | Create | Villager (Male) |
| 2:28 | Create | Villager (Male) |
| 2:52 | Create | Villager (Male) |
| 3:11 | Create | Villager (Male) |
| 3:54 | Create | Villager (Male) |
| 3:55 | Create | Villager (Male) |
| 3:57 | Build | House |
| 4:09 | Create | Villager (Male) |
| 4:14 | Build | House |
| 4:15 | Build | House |
| 4:33 | Build | Mill |
| 4:43 | Create | Villager (Male) |
| 4:44 | Create | Villager (Male) |
| 5:11 | Create | Villager (Male) |
| 5:11 | Create | Villager (Male) |
| 6:06 | Build | Farm |
| 6:07 | Create | Villager (Male) |
| 6:07 | Create | Villager (Male) |
| 6:07 | Create | Villager (Male) |
| 6:39 | Build | Farm |
| 7:11 | Create | Villager (Male) |
| 7:32 | Create | Villager (Male) |
| 7:49 | Create | Villager (Male) |
| 8:08 | Create | Villager (Male) |
| 8:08 | Create | Villager (Male) |
| 8:18 | Create | Villager (Male) |
| 9:10 | Build | Mining Camp |
| 9:20 | Research | Feudal Age |
| 9:59 | Build | Mill |
| 10:04 | Build | Barracks |
| 10:06 | Build | House |
| 10:19 | Create | Villager (Male) |
| 10:20 | Create | Villager (Male) |
| 11:13 | Research | Double-Bit Axe |
| 12:02 | Age | Feudal Age |
| 12:05 | Build | Archery Range |
| 12:10 | Build | Blacksmith |
| 12:25 | Create | Spearman |
| 12:55 | Create | Villager (Male) |
| 12:56 | Create | Villager (Male) |
| 12:56 | Create | Villager (Male) |
| 13:42 | Research | Castle Age |
| 14:07 | Research | Horse Collar |
| 14:53 | Research | Heavy Plow |
| 14:55 | Research | Bow Saw |
| 14:57 | Research | Wheelbarrow |
| 16:13 | Research | Town Watch |
| 16:25 | Age | Castle Age |
| 16:29 | Build | Town Center |
| 16:37 | Build | Town Center |
| 16:44 | Build | Farm |
| 16:45 | Build | Farm |
| 16:47 | Build | Farm |
| 16:50 | Build | Farm |
| 17:15 | Build | House |
| 17:39 | Create | Villager (Male) |
| 17:40 | Create | Villager (Male) |
| 17:40 | Create | Villager (Male) |
| 17:42 | Create | Villager (Male) |
| 17:43 | Create | Villager (Male) |
| 17:47 | Build | Farm |
| 17:54 | Build | Stone Wall |
| 17:59 | Create | Villager (Male) |
| 17:59 | Create | Villager (Male) |
| 18:00 | Create | Villager (Male) |
| 18:03 | Build | Farm |
| 18:22 | Build | Farm |
| 18:23 | Build | Farm |
| 18:25 | Create | Villager (Male) |
| 18:34 | Build | Stone Wall |
| 18:38 | Build | Gate |
| 18:40 | Create | Villager (Male) |
| 18:40 | Create | Villager (Male) |
| 18:51 | Build | Farm |
| 18:53 | Build | Farm |
| 18:54 | Build | Farm |
| 19:02 | Build | Farm |
| 19:04 | Create | Villager (Male) |
| 19:18 | Build | Stone Wall |
| 19:21 | Build | Gate |
| 19:24 | Build | Stone Wall |
| 19:26 | Create | Villager (Male) ×2 |
| 19:30 | Build | Farm |
| 19:34 | Build | Farm |
| 19:38 | Build | Farm |
| 19:40 | Build | Farm |
| 19:41 | Create | Villager (Male) |
| 19:59 | Create | Villager (Male) |
| 19:59 | Create | Villager (Male) |
| 20:14 | Build | Farm |
| 20:15 | Create | Villager (Male) |
| 20:27 | Create | Spearman |
| 20:27 | Create | Spearman |
| 20:40 | Build | Farm |
| 20:42 | Build | Farm |
| 20:43 | Create | Spearman |
| 20:44 | Create | Spearman |
| 20:46 | Create | Villager (Male) |
| 20:46 | Create | Villager (Male) |
| 21:13 | Create | Villager (Male) ×4 |
| 21:16 | Build | Farm |
| 21:22 | Build | House |
| 21:25 | Build | House |
| 21:26 | Build | House |
| 21:26 | Build | House |
| 21:37 | Build | Town Center |
| 21:37 | Create | Villager (Male) |
| 21:38 | Create | Villager (Male) ×2 |
| 21:45 | Create | Spearman |
| 21:45 | Create | Spearman |
| 21:47 | Create | Villager (Male) |
| 22:11 | Create | Villager (Male) ×3 |
| 22:43 | Create | Villager (Male) ×2 |
Build order — 二手煙
90 actions detected in the replay
| 0:02 | Create | Villager (Male) ×4 |
| 0:07 | Build | House |
| 0:34 | Build | House |
| 1:39 | Create | Villager (Male) |
| 1:40 | Create | Villager (Male) |
| 2:07 | Create | Villager (Male) |
| 2:36 | Create | Villager (Male) |
| 3:11 | Create | Villager (Male) |
| 3:11 | Create | Villager (Male) |
| 3:28 | Create | Villager (Male) |
| 3:28 | Create | Villager (Male) |
| 4:11 | Build | House |
| 4:25 | Create | Villager (Male) |
| 4:42 | Create | Villager (Male) |
| 4:52 | Build | Lumber Camp |
| 4:57 | Create | Villager (Male) |
| 5:30 | Create | Villager (Male) |
| 5:39 | Create | Villager (Male) |
| 5:52 | Build | House |
| 5:53 | Build | House |
| 5:57 | Build | House |
| 6:13 | Build | Mill |
| 6:17 | Create | Villager (Male) |
| 6:42 | Create | Villager (Male) |
| 6:55 | Build | Mill |
| 7:35 | Build | House |
| 7:37 | Build | House |
| 7:44 | Build | Palisade Wall |
| 8:11 | Research | Feudal Age |
| 9:34 | Build | Mining Camp |
| 10:11 | Create | Villager (Male) |
| 10:21 | Age | Feudal Age |
| 10:24 | Create | Villager (Male) |
| 10:24 | Create | Villager (Male) |
| 10:37 | Build | Blacksmith |
| 11:02 | Build | Outpost |
| 11:03 | Create | Villager (Male) |
| 11:25 | Build | Market |
| 11:56 | Build | Market |
| 12:05 | Build | Stone Wall |
| 12:11 | Create | Villager (Male) |
| 12:16 | Build | House |
| 12:18 | Create | Villager (Male) |
| 12:40 | Create | Villager (Male) |
| 13:10 | Research | Castle Age |
| 13:21 | Build | Barracks |
| 13:54 | Research | Gold Mining |
| 14:08 | Research | Double-Bit Axe |
| 14:08 | Research | Double-Bit Axe |
| 15:05 | Build | Mining Camp |
| 15:50 | Age | Castle Age |
| 15:54 | Create | Villager (Male) |
| 15:54 | Create | Villager (Male) |
| 15:54 | Create | Villager (Male) |
| 15:55 | Create | Villager (Male) |
| 16:13 | Build | Stable |
| 16:38 | Create | Villager (Male) |
| 17:14 | Build | Farm |
| 17:23 | Create | Knight |
| 17:24 | Create | Knight |
| 17:24 | Create | Knight |
| 17:27 | Create | Knight |
| 17:36 | Build | Farm |
| 17:39 | Build | Farm |
| 17:52 | Build | Farm |
| 17:57 | Create | Villager (Male) |
| 18:04 | Build | Farm |
| 18:21 | Create | Knight |
| 18:51 | Build | Town Center |
| 18:57 | Create | Villager (Male) |
| 18:57 | Create | Villager (Male) |
| 18:57 | Create | Villager (Male) |
| 19:11 | Build | Farm |
| 19:30 | Build | Stone Wall |
| 19:34 | Create | Villager (Male) |
| 20:35 | Research | Town Watch |
| 20:35 | Create | Villager (Male) |
| 21:12 | Create | Villager (Male) |
| 21:12 | Create | Villager (Male) |
| 21:26 | Build | Stone Wall |
| 21:42 | Research | Loom |
| 21:42 | Create | Villager (Male) |
| 21:53 | Create | Villager (Male) |
| 21:53 | Create | Villager (Male) |
| 22:15 | Create | Villager (Male) |
| 22:33 | Create | Villager (Male) |
| 22:40 | Build | House |
| 22:41 | Build | House |
| 22:43 | Build | House |
| 22:56 | Build | Town Center |
Build order — --醬板鴨--
26 actions detected in the replay
| 0:07 | Build | House |
| 0:09 | Build | House |
| 0:10 | Build | House |
| 0:11 | Build | House |
| 0:17 | Create | Villager (Male) |
| 0:18 | Create | Villager (Male) |
| 0:18 | Create | Villager (Male) |
| 0:18 | Create | Villager (Male) |
| 2:45 | Create | Villager (Male) |
| 5:59 | Create | Villager (Male) |
| 5:59 | Create | Villager (Male) |
| 5:59 | Create | Villager (Male) |
| 5:59 | Create | Villager (Male) |
| 6:00 | Create | Villager (Male) |
| 6:00 | Create | Villager (Male) |
| 6:00 | Create | Villager (Male) |
| 8:27 | Build | Mill |
| 10:14 | Build | Lumber Camp |
| 10:20 | Build | Mining Camp |
| 11:05 | Research | Feudal Age |
| 13:15 | Age | Feudal Age |
| 14:08 | Build | Blacksmith |
| 14:13 | Build | Market |
| 16:59 | Research | Castle Age |
| 17:17 | Build | Mining Camp |
| 19:39 | Age | Castle Age |
Build order — Black_Bird
123 actions detected in the replay
| 0:02 | Create | Villager (Male) |
| 0:02 | Create | Villager (Male) |
| 0:03 | Create | Villager (Male) |
| 0:03 | Create | Villager (Male) |
| 0:03 | Create | Villager (Male) |
| 0:04 | Create | Villager (Male) |
| 0:07 | Build | House |
| 0:09 | Build | House |
| 1:32 | Create | Villager (Male) |
| 1:32 | Create | Villager (Male) |
| 2:11 | Create | Villager (Male) |
| 2:11 | Create | Villager (Male) |
| 2:19 | Create | Villager (Male) |
| 2:19 | Create | Villager (Male) |
| 2:19 | Create | Villager (Male) |
| 2:47 | Build | Lumber Camp |
| 2:57 | Create | Villager (Male) |
| 2:57 | Create | Villager (Male) |
| 2:58 | Create | Villager (Male) |
| 2:59 | Create | Villager (Male) |
| 3:46 | Create | Villager (Male) |
| 3:46 | Create | Villager (Male) |
| 3:46 | Create | Villager (Male) |
| 4:27 | Create | Villager (Male) |
| 4:27 | Create | Villager (Male) |
| 4:34 | Build | House |
| 4:51 | Build | House |
| 5:02 | Research | Loom |
| 5:03 | Create | Villager (Male) |
| 5:15 | Create | Villager (Male) |
| 5:15 | Create | Villager (Male) |
| 6:04 | Create | Villager (Male) |
| 6:05 | Create | Villager (Male) |
| 6:18 | Create | Villager (Male) |
| 6:23 | Create | Villager (Male) |
| 6:23 | Create | Villager (Male) |
| 6:52 | Create | Villager (Male) |
| 6:52 | Create | Villager (Male) |
| 7:06 | Create | Villager (Male) |
| 7:33 | Create | Villager (Male) |
| 7:34 | Create | Villager (Male) |
| 7:35 | Create | Villager (Male) |
| 7:36 | Create | Villager (Male) |
| 7:36 | Create | Villager (Male) |
| 7:46 | Build | Mill |
| 8:03 | Create | Villager (Male) |
| 8:03 | Create | Villager (Male) |
| 8:03 | Create | Villager (Male) |
| 8:05 | Create | Villager (Male) |
| 8:43 | Build | Mining Camp |
| 9:11 | Create | Villager (Male) |
| 9:19 | Research | Feudal Age |
| 11:19 | Build | Farm |
| 11:20 | Build | Farm |
| 11:22 | Build | Farm |
| 11:23 | Build | Farm |
| 11:26 | Build | Farm |
| 11:27 | Age | Feudal Age |
| 11:34 | Build | Market |
| 11:49 | Build | Farm |
| 11:51 | Build | Farm |
| 11:53 | Research | Wheelbarrow |
| 12:42 | Build | Blacksmith |
| 13:18 | Research | Castle Age |
| 14:00 | Build | Stone Wall |
| 14:34 | Build | Gate |
| 14:44 | Research | Double-Bit Axe |
| 14:47 | Research | Horse Collar |
| 14:50 | Research | Gold Mining |
| 15:09 | Create | Villager (Male) |
| 15:31 | Build | House |
| 15:32 | Build | House |
| 15:43 | Age | Castle Age |
| 16:07 | Create | Villager (Male) |
| 16:15 | Create | Villager (Male) |
| 16:23 | Build | Barracks |
| 16:28 | Build | Farm |
| 17:00 | Create | Villager (Male) |
| 17:28 | Build | Stable |
| 17:34 | Create | Villager (Male) |
| 18:04 | Create | Villager (Male) |
| 18:17 | Build | Stable |
| 18:20 | Research | Bloodlines |
| 18:24 | Build | Farm |
| 18:27 | Create | Villager (Male) |
| 18:47 | Create | Villager (Male) |
| 19:04 | Create | Knight |
| 19:04 | Create | Knight |
| 19:04 | Create | Knight |
| 19:04 | Create | Knight |
| 19:20 | Build | Lumber Camp |
| 19:24 | Create | Villager (Male) |
| 19:38 | Build | House |
| 20:05 | Build | Town Center |
| 20:08 | Create | Villager (Male) |
| 20:24 | Create | Villager (Male) |
| 20:24 | Create | Villager (Male) |
| 20:31 | Research | Bow Saw |
| 20:35 | Create | Knight |
| 20:35 | Create | Knight |
| 20:52 | Create | Villager (Male) |
| 20:52 | Create | Villager (Male) |
| 21:01 | Build | House |
| 21:05 | Create | Villager (Male) |
| 21:06 | Create | Villager (Male) |
| 21:32 | Build | Farm |
| 21:33 | Build | Farm |
| 21:33 | Build | Farm |
| 21:33 | Build | Farm |
| 21:34 | Build | Farm |
| 21:34 | Build | Farm |
| 21:34 | Build | Farm |
| 21:34 | Build | Farm |
| 21:35 | Build | Farm |
| 21:35 | Build | Farm |
| 21:35 | Build | Farm |
| 21:36 | Create | Villager (Male) |
| 21:36 | Create | Villager (Male) |
| 21:45 | Build | House |
| 21:54 | Create | Villager (Male) |
| 22:50 | Create | Villager (Male) |
| 22:50 | Create | Villager (Male) |
| 22:50 | Create | Villager (Male) |
Match timeline
| 7:44 | 二手煙 · wall_segment Palisade Wall x6 |
| 10:04 | CryAndDie · first_building Barracks |
| 10:21 | 二手煙 · age_up feudal |
| 11:27 | Black_Bird · age_up feudal |
| 12:02 | CryAndDie · age_up feudal |
| 12:05 | CryAndDie · first_building Archery Range |
| 12:05 | 二手煙 · wall_segment Stone Wall x4 |
| 13:15 | --醬板鴨-- · age_up feudal |
| 13:21 | 二手煙 · first_building Barracks |
| 14:00 | Black_Bird · wall_segment Stone Wall x33 |
| 15:43 | Black_Bird · age_up castle |
| 15:50 | 二手煙 · age_up castle |
| 16:13 | 二手煙 · first_building Stable |
| 16:23 | Black_Bird · first_building Barracks |
| 16:25 | CryAndDie · age_up castle |
| 17:28 | Black_Bird · first_building Stable |
| 17:54 | CryAndDie · wall_segment Stone Wall x4 |
| 18:34 | CryAndDie · wall_segment Stone Wall x9 |
| 19:18 | CryAndDie · wall_segment Stone Wall x13 |
| 19:24 | CryAndDie · wall_segment Stone Wall x2 |
| 19:30 | 二手煙 · wall_segment Stone Wall x8 |
| 19:39 | --醬板鴨-- · age_up castle |
| 19:58 | Black_Bird · first_market_sell 100 food |
| 20:00 | Black_Bird · first_market_buy 100 stone |
| 21:26 | 二手煙 · wall_segment Stone Wall x6 |
| 22:45 | --醬板鴨-- · resign |
[ AI ANALYSIS · 1 CREDIT ]
What really happened in this match?
Wolo.gg analyzes every decision: build order, eco, micro, common mistakes by bracket. Personalized analysis on WhatsApp or Discord in 30 seconds.
Civ guide
Burgundians
Map guide
Oasis
Perfil
Jugador #549421